 Dungeon Crawl Stone Soup version 0.27.0-1-g7a089689b8 (webtiles) character file.

Game seed: 12586010117877732958

19515 SnakkuSnakku7 the Bludgeoner (level 12, -1/160 HPs)
             Began as an Ogre Delver on Aug 7, 2021.
             Succumbed to a spectral orc warlord's poison
             ... on level 4 of the Lair of Beasts.
             The game lasted 00:26:58 (20601 turns).

SnakkuSnakku7 the Bludgeoner (Ogre Delver)         Turns: 20601, Time: 00:26:59

Health: -1/160     AC: 30    Str: 22    XL:     12   Next: 69%
Magic:  12/12      EV:  1    Int: 11    God:
Gold:   684        SH:  0    Dex: 11    Spells: 11/11 levels left

rFire    . . .     SeeInvis .   b - +2 giant spiked club
rCold    + + .     Faith    .   (shield currently unavailable)
rNeg     + + +     Spirit   .   (armour currently unavailable)
rPois    +         Reflect  .   (helmet currently unavailable)
rElec    +         Harm     .   (cloak currently unavailable)
rCorr    +         Rampage  .   (gloves unavailable)
Will     +....     NoTele   +   (boots unavailable)
Stlth    ++........             J - amulet of the acrobat
HPRegen  0.36/turn              i - +4 ring of protection
MPRegen  0.13/turn              T - ring of ice

@: mighty, lethally poisoned (-1 -> -23), tree-form, resistant, studying
Throwing
A: stationary, stasis, torment immunity, boosted hp, large, unfitting armour,
(tough skin 1)
a: no special abilities


You were on level 4 of the Lair of Beasts.
You were a tree.
You visited 2 branches of the dungeon, and saw 14 of its levels.
You also visited: Sewer.

You collected 684 gold pieces.

Inventory:

Hand Weapons
 a - a +1 whip of venom
 b - a +2 giant spiked club (weapon)
Missiles
 p - 102 poisoned darts
 H - 6 large rocks (quivered)
 N - a curare-tipped dart
Armour
 B - a +1 cloak (melded)
 S - +0 swamp dragon scales (melded)
Jewellery
 d - a ring of see invisible
 f - the ring "Sohypt" {Fire rN+ Str+2 Dex+2 SInv}
   (You found it on level 3 of the Lair of Beasts)

   [ring of fire]

   It enhances your fire magic.
   Str:       It affects your strength (+2).
   Dex:       It affects your dexterity (+2).
   rF:        It protects you from fire.
   rC:        It makes you vulnerable to cold.
   rN:        It protects you from negative energy.
   SInv:      It lets you see invisible.
 i - a +4 ring of protection (left branch)
 F - a ring of protection from fire
 J - an amulet of the acrobat (around neck)
 T - a ring of ice (right branch)
Wands
 g - a wand of digging (1)
 k - a wand of paralysis (7)
 q - a wand of mindburst (14)
 s - a wand of flame (22)
 v - a wand of polymorph (10)
 y - a wand of acid (4)
 K - a wand of iceblast (5)
Scrolls
 c - a scroll of fog
 r - a scroll of magic mapping
 u - 2 scrolls of enchant armour
 x - a scroll of summoning
 C - 2 scrolls of vulnerability
 D - 2 scrolls of teleportation
 L - a scroll of amnesia
 O - a scroll of identify
Potions
 e - a potion of cancellation
 h - 3 potions of mutation
 j - 3 potions of brilliance
 l - a potion of magic
 m - 6 potions of might
 E - a potion of invisibility
 I - 2 potions of attraction
 M - a potion of flight
Miscellaneous
 Q - a condenser vane (inert)


   Skills:
 - Level 4.0 Fighting
 + Level 15.3 Maces & Flails
 - Level 11.0 Throwing
 - Level 1.7 Dodging
 - Level 3.7 Stealth


You had 11 spell levels left.
You didn't know any spells.
Your spell library contained the following spells:

 Spells                   Type           Power      Damage    Failure   Level
 Shock                    Conj/Air       0%         1d3       34%         1
 Slow                     Hex            0%         N/A       47%         2
 Sublimation of Blood     Necr           0%         N/A       47%         2
 Wereblood                Tmut           0%         N/A       47%         2
 Confusing Touch          Hex            0%         N/A       71%         3
 Dazzling Flash           Conj/Hex       0%         N/A       71%         3
 Portal Projectile        Hex/Tloc       0%         N/A       71%         3
 Swiftness                Air            0%         N/A       71%         3
 Vampiric Draining        Necr           0%         2d6       71%         3
 Airstrike                Air            0%         N/A       98%         4
 Cause Fear               Hex            0%         N/A       98%         4
 Iskenderun's Mystic Bla  Conj/Tloc      0%         2d3       98%         4
 Petrify                  Tmut/Erth      0%         N/A       98%         4
 Blade Hands              Tmut           0%         N/A       100%        5
 Excruciating Wounds      Necr           0%         N/A       100%        5
 Metabolic Englaciation   Hex/Ice        0%         N/A       100%        5
 Starburst                Conj/Fire      0%         8x6d3     100%        6
 Statue Form              Tmut/Erth      0%         N/A       100%        6
 Dragon Form              Tmut           0%         N/A       100%        7
 Summon Hydra             Summ           0%         N/A       100%        7
 Dragon's Call            Summ           0%         N/A       100%        9


Dungeon Overview and Level Annotations

Branches:
Dungeon (10/15)            Temple (0/1) D:7            Lair (4/6) D:8
  Snake (0/4) Lair:4        Sewer (visited)
  Swamp: Lair:2-4    Shoals: Lair:2-4       Orc: D:9-12

Altars:
Trog

Annotations:
Lair:4 Nergalle


Innate Abilities, Weirdness & Mutations

You are a tree.
Your roots penetrate the ground, keeping you stationary.
You cannot be teleported.
You are immune to unholy pain and torment.
Your maximum health is greatly increased.
Your equipment is partially melded.
You are too large for most types of armour.
((You have tough skin. (AC +1)))


Message History

You are more poisoned.
You spit the spectral orc warlord like a pig!!!
The spectral orc warlord is moderately damaged.
You feel very sick.
The spectral orc warlord hits you but does no damage. x2
You completely miss the spectral orc warlord.
The spectral orc warlord is moderately damaged.
You feel very sick.
The spectral orc warlord hits you but does no damage.
You puncture the spectral orc warlord!
The spectral orc warlord is heavily damaged.
You feel very sick.
The spectral orc warlord hits you with a +2 war axe of venom.
* * * LOW HITPOINT WARNING * * *
You barely miss the spectral orc warlord.
The spectral orc warlord is heavily damaged.
You feel very sick.
The spectral orc warlord hits you but does no damage.
You barely miss the spectral orc warlord.
The spectral orc warlord is heavily damaged.
You feel sick.
The spectral orc warlord hits you but does no damage.
You feel protected.
You feel sick.
The spectral orc warlord hits you but does no damage.
Okay, then.
You hit the spectral orc warlord.
The spectral orc warlord is heavily damaged.
You feel sick.
The spectral orc warlord hits you but does no damage.
You are lethally poisoned!
You puncture the spectral orc warlord!
The spectral orc warlord is heavily damaged.
* * * LOW HITPOINT WARNING * * *
You feel very sick.
The spectral orc warlord hits you but does no damage.
You are more poisoned.
You impale the spectral orc warlord!!
The spectral orc warlord is almost destroyed.
You die...

##### #. #.#♣#
#.# #Z## #..#
##.## ##..#
##Z(#
#....####...# #.
#...#P....#
...##..#...P..#
.........##P.##
.......o####..##
#.


You could see a spectral orc warlord (summoned).

Vanquished Creatures
  The ghost of Dikli the Blocker, a journeyman MiBe of Trog (Lair:3)
  Fannar (Lair:3)
  2 hydras
  Pikel (D:6)
  3 black mambas (Lair:4)
  5 cane toads
  Joseph (D:10)
  3 rime drakes
  Maggie (D:10)
  3 komodo dragons (Lair:2)
  Prince Ribbit (D:7)
  2 polar bears
  5 blink frogs (Lair:1)
  A centaur simulacrum (D:10)
  19 yaks
  3 wyverns
  Eustachio (D:4)
  2 steam dragons
  A basilisk (Lair:2)
  Menkaure (D:7)
  An acid dragon (D:9)
  10 water moccasins
  An ice beast (D:5)
  2 black mamba simulacra (Lair:3)
  5 black bears
  An orc warrior (D:7)
  3 ogres
  9 wolves
  3 centaurs
  A lemure (D:6)
  A phantom (D:4)
  3 kobold brigands
  7 bullfrogs
  4 scorpions
  A cane toad simulacrum (Lair:3)
  A dream sheep simulacrum (Lair:3)
  4 killer bees (D:9)
  3 howler monkeys
  4 wights
  A komodo dragon simulacrum (Lair:3)
  A bullfrog zombie (D:5)
  2 centaur skeletons (D:7)
  4 centaur zombies
  Crazy Yiuf (D:4)
  A gnoll shaman (D:6)
  3 hounds
  3 jellies
  3 orc priests
  A water moccasin simulacrum (Lair:3)
  5 iguanas
  A bullfrog skeleton (D:4)
  Ijyb (D:4)
  7 orc wizards
  2 polar bear simulacra (Lair:3)
  9 adders
  8 gnolls
  3 river rats (Sewer)
  An ufetubus (D:5)
  2 adder skeletons (D:5)
  5 worms
  A dart slug (D:1)
  26 orcs
  7 endoplasms
  A giant cockroach (D:4)
  15 goblins
  4 hobgoblins
  6 jackals
  2 quokkas
  11 ball pythons
  7 bats
  2 frilled lizards
  30 kobolds
  24 rats
321 creatures vanquished.

Vanquished Creatures (others)
  A centaur zombie (D:8)
  19 fungi
  36 plants
56 creatures vanquished.

Grand Total: 377 creatures vanquished

Notes
Turn   | Place    | Note
-------+----------+-------------------------------------------
     0 | D:5      | SnakkuSnakku7 the Ogre Delver began the quest for the Orb.
     0 | D:5      | Reached XP level 1. HP: 24/24 MP: 1/1
    28 | D:5      | Reached skill level 3 in Maces & Flails
    28 | D:5      | Reached XP level 2. HP: 12/32 MP: 2/2
    28 | D:5      | Reached XP level 3. HP: 15/39 MP: 3/3
   159 | D:5      | Noticed a scorpion
   345 | D:5      | Found a glowing drain.
   349 | Sewer    | Entered a sewer
   380 | Sewer    | Noticed a kobold brigand
   597 | Sewer    | HP: 1/39 [river rat (2)]
   606 | Sewer    | Reached XP level 4. HP: 20/48 MP: 4/4
   618 | Sewer    | Reached skill level 4 in Maces & Flails
  1113 | Sewer    | Reached XP level 5. HP: 54/54 MP: 5/5
  1323 | Sewer    | Killed a kobold brigand
  1324 | Sewer    | Reached skill level 5 in Maces & Flails
  1666 | D:4      | Noticed Eustachio
  1685 | D:4      | Noticed Ijyb
  1686 | D:4      | Noticed a black bear
  2242 | D:1      | Reached XP level 6. HP: 62/62 MP: 6/6
  3676 | D:1      | Reached skill level 6 in Maces & Flails
  4485 | D:3      | Reached XP level 7. HP: 32/70 MP: 7/7
  4740 | D:3      | Found a faded altar of an unknown god.
  4875 | D:4      | Reached skill level 7 in Maces & Flails
  5053 | D:4      | Killed Ijyb
  5073 | D:4      | Killed Eustachio
  5074 | D:4      | Reached skill level 8 in Maces & Flails
  5476 | D:4      | Reached XP level 8. HP: 71/78 MP: 8/8
  5558 | D:4      | Found a runed translucent door.
  5559 | D:4      | Noticed Crazy Yiuf
  6084 | D:4      | Killed Crazy Yiuf
  6152 | D:5      | Reached skill level 9 in Maces & Flails
  6626 | D:5      | Noticed a rust devil
  6626 | D:5      | Noticed a rust devil
  7132 | D:6      | Reached skill level 10 in Maces & Flails
  7971 | D:6      | Reached XP level 9. HP: 81/84 MP: 9/9
  8091 | D:6      | Noticed Pikel
  8123 | D:6      | Killed Pikel
  8124 | D:6      | Reached skill level 11 in Maces & Flails
  8664 | D:7      | Reached skill level 1 in Throwing
  8869 | D:7      | Found a staircase to the Ecumenical Temple.
  8870 | D:7      | Noticed Prince Ribbit
  8881 | D:7      | Killed Prince Ribbit
  8910 | D:7      | Noticed Menkaure
  9284 | D:7      | Killed Menkaure
  9662 | D:7      | Reached skill level 5 in Throwing
  9749 | D:7      | Reached XP level 10. HP: 87/92 MP: 10/10
 11624 | D:8      | Found a staircase to the Lair.
 12166 | D:9      | Found a bloodstained altar of Trog.
 12971 | D:10     | Entered Level 10 of the Dungeon
 13247 | D:10     | Reached skill level 10 in Throwing
 13262 | D:10     | Noticed a cyclops
 13263 | D:10     | Noticed an orc knight
 13340 | D:10     | Noticed a boulder beetle
 13340 | D:10     | Noticed a boulder beetle
 13341 | D:10     | Noticed a skeletal warrior
 13341 | D:10     | Identified the amulet of Vuazeoso {Faith Int+3}
 13341 | D:10     | Noticed a centaur warrior
 13341 | D:10     | Noticed a cyclops
 13350 | D:10     | Noticed Joseph
 13365 | D:10     | Noticed an orc knight
 13388 | D:10     | Reached XP level 11. HP: 92/100 MP: 11/11
 13683 | D:10     | Killed Joseph
 13753 | D:10     | Noticed Maggie
 13965 | D:10     | Killed Maggie
 14145 | Lair:1   | Entered Level 1 of the Lair of Beasts
 14156 | D:8      | Identified a scroll of acquirement
 14156 | D:8      | Acquired a manual of Throwing
 14267 | Lair:1   | Identified the +1 ring mail "Enonifol" {Int+3 Slay+2}
 15096 | Lair:1   | You fall into a shaft and drop 1 floor!
 15105 | Lair:2   | Reached skill level 12 in Maces & Flails
 15735 | Lair:2   | Noticed a five-headed hydra
 15753 | Lair:2   | Killed a five-headed hydra
 15923 | Lair:2   | Reached skill level 13 in Maces & Flails
 17054 | Lair:3   | Found a runed translucent gate.
 17054 | Lair:3   | Found a runed translucent gate.
 17054 | Lair:3   | Found a runed translucent gate.
 17256 | Lair:3   | Noticed Fannar
 17282 | Lair:3   | Killed Fannar
 17300 | Lair:3   | Noticed Dikli's ghost (journeyman MiBe)
 17484 | Lair:3   | Reached XP level 12. HP: 97/107 MP: 12/12
 18394 | Lair:3   | Reached skill level 14 in Maces & Flails
 18537 | Lair:3   | Killed Dikli's ghost
 18592 | Lair:3   | Identified the ring "Sohypt" {Fire rN+ Str+2 Dex+2 SInv}
 19665 | Lair:4   | Noticed a seven-headed hydra
 19872 | Lair:4   | Killed a seven-headed hydra
 19887 | Lair:4   | Reached skill level 15 in Maces & Flails
 20474 | Lair:4   | Found a staircase to the Snake Pit.
 20569 | Lair:4   | Noticed Nergalle
 20598 | Lair:4   | HP: 8/160 [poisoned by a spectral orc warlord]
 20600 | Lair:4   | HP: 3/160 [poisoned by a spectral orc warlord]
 20601 | Lair:4   | Succumbed to a spectral orc warlord's poison

Illustrated notes

Levels and vault maps discovered:
D:1:      amcnicky_arrival_gap_in_the_tavern_cellar, layout_basic
D:2:      layout_basic
D:3:      layout_rooms, shapermc_ecumenical_altar_mp_ritualfount,
          kennysheep_generic_room_10
D:4:      layout_layer_cave, hangedman_minor_gate_pass, uniq_eustachio,
          uniq_crazy_yiuf_cottage, uniq_ijyb
D:5:      cheibrodos_iron_armory, layout_cave_pools, gup_sewer_entry_bowl,
          uniq_sigmund
D:6:      layout_basic, minmay_ogre_servants, uniq_pikel
D:7:      layout_basic, minmay_temple_entry_mist, minmay_quadrilaterals,
          uniq_prince_ribbit1, uniq_menkaure
D:8:      layout_basic, david_lair_shrubbed
D:9:      layout_basic, bloody_trog
D:10:     layout_cave_pools, minivault_12, uniq_maggie, uniq_joseph
Lair:1:   layout_regular_city
Lair:2:   layout_cave_pods, minivault_24, beast_lair_carwin_2
Lair:3:   layout_layer_cave, gammafunk_ghost_icy, lemuel_fruit_tree,
          serial_bayou_shore_b, uniq_fannar
Lair:4:   layout_layer_cave, minmay_shoals_entry_hut,
          minmay_snake_entry_six_corridors, serial_bayou_shore_b, uniq_nergalle

Skill      XL: |  1  2  3  4  5  6  7  8  9 10 11 12 |
---------------+-------------------------------------+-----
Maces & Flails | 3 4 5 6 8 10 11 13 15 | 15.3
Throwing       | 5 10 11 | 11.0
Fighting       | |  4.0
Dodging        | |  1.7
Stealth        | |  3.7

Action                   |  1- 3 |  4- 6 |  7- 9 | 10-12 || total
-------------------------+-------+-------+-------+-------++-------
Melee: Mace              |    68 |   196 |       |       ||   264
       Dagger            |       |   158 |    44 |       ||   202
       Whip              |       |       |   406 |   363 ||   769
       Giant club        |       |       |     5 |    44 ||    49
       Giant spiked club |       |       |       |   349 ||   349
Throw: Dart              |       |     5 |       |       ||     5
       Large rock        |       |       |       |    22 ||    22
Evoke: Wand              |       |       |     4 |    13 ||    17
       Condenser vane    |       |       |       |     1 ||     1
  Use: Scroll            |     3 |     1 |     6 |    21 ||    31
       Potion            |     1 |     6 |     2 |    12 ||    21
 Stab: Sleeping          |     1 |     7 |     2 |     5 ||    15
Armor: Robe              |    69 |   216 |   167 |   111 ||   563
       Swamp dragon scal |       |       |       |   271 ||   271
       Skin              |       |       |       |    11 ||    11
Dodge: Dodged            |    57 |   197 |   179 |   394 ||   827
